General information
- name: BNet
- type: Ladder team game (AT/RT)
- host: Battle.net
- saver: Warcrack-Grinch
map: Cherryville
- players: 8
- length: 29:36
- speed: Fast
- version: 1.26 W3XP
- replay type: Public
» download(168 KB)
Players
team 1 (loser)

»
Freshterry (
green | 34 APM | 996 actions | 29:32)
8 Far Seer
3 Feral Spirit
3 Chain Lighting
1 Earth Quake
1 Far Sight
1 Keeper of the Grove
1 Tranquility
» actions
| Assign group hotkey | 17 | |
| Basic commands | 12 | |
| Build / train | 64 | |
| Enter build submenu | 20 | |
| Enter hero's abilities submenu | 9 | |
| Give item / drop item | 1 | |
| Right click | 475 | |
| Select / deselect | 328 | |
| Select group hotkey | 12 | |
| Use ability | 58 | |
996 total
» units
| Peon | 9 | |
| Grunt | 4 | |
| Wind Rider | 3 | |
| Shaman | 7 | |
| Troll Batrider | 11 | |
| Wisp | 6 | |
| Rifleman | 2 | |
42 total
» upgrades
| Ranged Weapons | 2 | |
| Armor | 1 | |
| Shaman Training | 2 | |
| Envenomed Spears | 1 | |
6 total
» buildings
| War Mill | 1 | |
| Orc Burrow | 8 | |
| Altar of Storms | 1 | |
| Barracks | 1 | |
| Voodoo Lounge | 1 | |
| Stronghold | 1 | |
| Beastiary | 3 | |
| Spirit Lodge | 1 | |
| Fortress | 1 | |
| Great Hall | 2 | |
20 total
» build order
00:11 War Mill
00:35 Orc Burrow
00:53 Altar of Storms
01:39 Barracks
02:04 Orc Burrow
02:50 Voodoo Lounge
03:09 Orc Burrow
03:58 Stronghold
04:59 Orc Burrow
05:43 Orc Burrow
06:39 Beastiary
06:44 Spirit Lodge
06:49 Beastiary
07:06 Fortress
09:02 Great Hall
09:51 Orc Burrow
11:50 Beastiary
20:11 Great Hall
23:13 Orc Burrow
24:28 Orc Burrow
» items
| Lesser Clarity Potion | 1 | |
| Healing Salve | 2 | |
| Scroll of Town Portal | 1 | |
4 total

»
directtoDVD (
teal | 119 APM | 2081 actions | 17:30)
5 Keeper of the Grove
2 Entangling Roots
3 Thorns Aura
3 Priestess of the Moon
2 Trueshot Aura
1 Searing Arrows
3 Dark Ranger
1 Black Arrow
2 Silence
2 Archmage
1 Brilliance Aura
1 Summon Water Elemental
» actions
| Assign group hotkey | 23 | |
| Basic commands | 1 | |
| Build / train | 93 | |
| Enter build submenu | 25 | |
| Enter hero's abilities submenu | 13 | |
| Give item / drop item | 4 | |
| Right click | 672 | |
| Select / deselect | 355 | |
| Select group hotkey | 806 | |
| Use ability | 88 | |
2081 total
» units
| Wisp | 16 | |
| Archer | 18 | |
| Knight | 3 | |
| Priest | 9 | |
| Rifleman | 3 | |
49 total
» upgrades
| Improved Bows | 1 | |
| Ultravision | 1 | |
| Strength of the Moon | 1 | |
| Priest Training | 2 | |
| Swords | 1 | |
| Plating | 1 | |
| Marksmanship | 1 | |
| Animal War Training | 1 | |
| Long Rifles | 1 | |
| Gunpowder | 2 | |
| Armor | 1 | |
13 total
» buildings
| Altar of Elders | 1 | |
| Moon Well | 6 | |
| Ancient of War | 1 | |
| Ancient of Wonders | 1 | |
| Tree of Ages | 1 | |
| Tree of Life | 2 | |
| Hunter's Hall | 1 | |
| Guard Tower | 1 | |
| Castle | 1 | |
| Lumber Mill | 1 | |
| Arcane Sanctum | 2 | |
| Tree of Eternity | 1 | |
| Farm | 8 | |
| Blacksmith | 1 | |
| Town Hall | 1 | |
29 total
» build order
00:08 Altar of Elders
00:19 Moon Well
00:57 Ancient of War
01:25 Moon Well
01:39 Ancient of Wonders
01:59 Moon Well
03:00 Moon Well
04:05 Tree of Ages
05:02 Tree of Life
05:19 Hunter's Hall
05:43 Moon Well
07:25 Moon Well
07:37 Guard Tower
07:53 Castle
08:04 Lumber Mill
08:11 Arcane Sanctum
08:28 Tree of Eternity
09:43 Farm
09:47 Arcane Sanctum
10:01 Blacksmith
10:34 Farm
11:09 Farm
11:38 Farm
13:11 Farm
14:05 Farm
16:02 Farm
16:17 Tree of Life
16:23 Town Hall
17:17 Farm
» items
| Lesser Clarity Potion | 3 | |
| Scroll of Town Portal | 3 | |
| Orb of Venom | 1 | |
| Anti-magic Potion | 1 | |
| Dust of Appearance | 1 | |
| Potion of Lesser Invulnerability | 1 | |
10 total
ImperiumOfMan (
orange | 55 APM | 369 actions | 06:39)
3 Archmage
2 Summon Water Elemental
1 Brilliance Aura
» actions
| Assign group hotkey | 22 | |
| Basic commands | 1 | |
| Build / train | 32 | |
| Enter build submenu | 13 | |
| Enter hero's abilities submenu | 3 | |
| Remove unit from queue | 1 | |
| Right click | 124 | |
| Select / deselect | 84 | |
| Select group hotkey | 60 | |
| Use ability | 29 | |
369 total
» units
» upgrades
» buildings
| Altar of Kings | 1 | |
| Farm | 6 | |
| Arcane Vault | 1 | |
| Barracks | 2 | |
| Scout Tower | 3 | |
| Arcane Tower | 1 | |
| Lumber Mill | 1 | |
| Keep | 1 | |
16 total
» build order
00:27 Altar of Kings
00:36 Farm
01:09 Farm
01:12 Farm
01:22 Arcane Vault
01:34 Barracks
01:41 Farm
01:42 Farm
02:06 Scout Tower
02:22 Barracks
02:53 Arcane Tower
03:21 Farm
05:04 Scout Tower
05:14 Lumber Mill
05:23 Scout Tower
05:25 Keep
» items
imhumanraceonly (
blue | 44 APM | 1094 actions | 24:51)
6 Mountain King
3 Storm Bolt
1 Bash
1 Thunder Clap
1 Avatar
» actions
| Assign group hotkey | 15 | |
| Basic commands | 49 | |
| Build / train | 79 | |
| Enter build submenu | 41 | |
| Enter hero's abilities submenu | 6 | |
| Remove unit from queue | 2 | |
| Right click | 393 | |
| Select / deselect | 312 | |
| Select group hotkey | 116 | |
| Use ability | 81 | |
1094 total
» units
| Peasant | 16 | |
| Footman | 8 | |
| Goblin Shredder | 1 | |
| Priest | 4 | |
| Knight | 3 | |
| Rifleman | 1 | |
33 total
» upgrades
| Swords | 3 | |
| Lumber Harvesting | 2 | |
| Defend | 1 | |
| Plating | 3 | |
| Masonry | 1 | |
| Sorceress Training | 0 | |
| Priest Training | 2 | |
12 total
» buildings
| Altar of Kings | 1 | |
| Farm | 9 | |
| Lumber Mill | 1 | |
| Barracks | 2 | |
| Scout Tower | 15 | |
| Blacksmith | 1 | |
| Guard Tower | 15 | |
| Keep | 1 | |
| Arcane Vault | 1 | |
| Town Hall | 1 | |
| Castle | 1 | |
| Arcane Sanctum | 2 | |
| Ancient of War | 2 | |
| Tree of Ages | 1 | |
| Workshop | 2 | |
55 total
» build order
00:19 Altar of Kings
00:23 Farm
01:24 Lumber Mill
01:43 Barracks
01:50 Barracks
01:54 Farm
03:08 Farm
04:49 Farm
05:24 Scout Tower
05:32 Farm
05:50 Blacksmith
05:55 Guard Tower
07:03 Keep
07:32 Farm
07:50 Arcane Vault
10:29 Town Hall
10:47 Scout Tower
10:51 Scout Tower
11:08 Farm
11:30 Guard Tower
11:31 Scout Tower
11:33 Scout Tower
12:02 Guard Tower
12:02 Guard Tower
12:04 Guard Tower
12:05 Scout Tower
12:40 Guard Tower
12:40 Guard Tower
13:25 Farm
14:00 Scout Tower
14:22 Castle
14:27 Arcane Sanctum
15:22 Farm
15:24 Guard Tower
16:09 Scout Tower
16:45 Guard Tower
16:59 Arcane Sanctum
17:14 Scout Tower
17:55 Guard Tower
19:51 Scout Tower
20:15 Scout Tower
20:27 Guard Tower
20:30 Scout Tower
20:32 Scout Tower
20:34 Scout Tower
20:36 Scout Tower
22:47 Ancient of War
22:50 Ancient of War
23:16 Tree of Ages
24:37 Workshop
24:39 Workshop
» items
| Scroll of Regeneration | 2 | |
| Potion of Healing | 2 | |
| Scroll of Town Portal | 2 | |
6 total
team 2 (winner)
Warcrack-Grinch (
purple | 55 APM | 1636 actions | 29:36)
8 Archmage
3 Summon Water Elemental
3 Brilliance Aura
1 Mass Teleport
1 Blizzard
» actions
| Assign group hotkey | 71 | |
| Basic commands | 78 | |
| Build / train | 78 | |
| Enter build submenu | 66 | |
| Enter hero's abilities submenu | 9 | |
| Give item / drop item | 7 | |
| Remove unit from queue | 1 | |
| Right click | 593 | |
| Select / deselect | 323 | |
| Select group hotkey | 246 | |
| Use ability | 164 | |
1636 total
» units
| Peasant | 12 | |
| Footman | 3 | |
| Goblin Shredder | 1 | |
| Gryphon Rider | 6 | |
| Goblin Sapper | 1 | |
23 total
» upgrades
| Masonry | 3 | |
| Swords | 3 | |
| Armor | 3 | |
| Storm Hammers | 1 | |
| Animal War Training | 1 | |
| Cloud | 1 | |
12 total
» buildings
| Altar of Kings | 1 | |
| Barracks | 1 | |
| Farm | 11 | |
| Arcane Vault | 3 | |
| Keep | 1 | |
| Town Hall | 4 | |
| Lumber Mill | 1 | |
| Scout Tower | 43 | |
| Guard Tower | 10 | |
| Castle | 1 | |
| Gryphon Aviary | 6 | |
| Blacksmith | 2 | |
84 total
» build order
00:39 Altar of Kings
00:41 Barracks
00:51 Farm
00:53 Farm
01:06 Farm
01:35 Farm
02:39 Arcane Vault
02:41 Arcane Vault
03:26 Keep
03:53 Town Hall
04:19 Lumber Mill
04:47 Scout Tower
04:49 Scout Tower
04:52 Scout Tower
04:57 Scout Tower
05:47 Guard Tower
05:53 Scout Tower
05:56 Scout Tower
05:59 Scout Tower
06:41 Castle
06:44 Guard Tower
07:15 Gryphon Aviary
07:17 Gryphon Aviary
07:24 Gryphon Aviary
07:46 Gryphon Aviary
07:50 Blacksmith
07:53 Blacksmith
08:01 Farm
08:03 Farm
08:07 Farm
12:23 Town Hall
12:27 Scout Tower
12:28 Scout Tower
12:29 Scout Tower
12:30 Scout Tower
12:35 Scout Tower
12:37 Scout Tower
12:42 Scout Tower
12:42 Scout Tower
12:45 Scout Tower
12:45 Scout Tower
12:58 Guard Tower
13:15 Guard Tower
13:24 Guard Tower
14:10 Guard Tower
15:16 Scout Tower
15:17 Scout Tower
15:18 Scout Tower
15:19 Scout Tower
15:20 Scout Tower
15:21 Scout Tower
15:22 Scout Tower
15:23 Scout Tower
15:55 Arcane Vault
16:29 Guard Tower
16:32 Scout Tower
16:40 Scout Tower
16:44 Scout Tower
16:48 Scout Tower
17:29 Guard Tower
20:10 Town Hall
20:19 Scout Tower
20:20 Scout Tower
20:22 Scout Tower
20:23 Scout Tower
20:24 Scout Tower
20:24 Scout Tower
20:25 Scout Tower
20:26 Scout Tower
21:36 Guard Tower
23:37 Farm
23:38 Farm
23:40 Farm
23:42 Farm
24:14 Gryphon Aviary
24:19 Gryphon Aviary
24:29 Town Hall
24:33 Scout Tower
24:35 Scout Tower
24:37 Scout Tower
24:38 Scout Tower
24:40 Scout Tower
24:40 Scout Tower
27:23 Guard Tower
» items
| Scroll of Regeneration | 4 | |
| Mechanical Critter | 6 | |
| Scroll of Town Portal | 2 | |
| Potion of Healing | 3 | |
| Lesser Clarity Potion | 1 | |
| Potion of Mana | 1 | |
| Orb of Corruption | 1 | |
| Staff of Teleportation | 1 | |
| Periapt of Vitality | 1 | |
| Potion of Lesser Invulnerability | 1 | |
21 total

»
QWAM (
yellow | 62 APM | 1820 actions | 29:33)
7 Blademaster
3 Wind Walk
3 Critical Strike
1 Bladestorm
5 Shadow Hunter
3 Healing Wave
2 Hex
» actions
| Assign group hotkey | 3 | |
| Build / train | 65 | |
| Enter build submenu | 24 | |
| Enter hero's abilities submenu | 12 | |
| Give item / drop item | 2 | |
| Right click | 1280 | |
| Select / deselect | 335 | |
| Select group hotkey | 5 | |
| Use ability | 94 | |
1820 total
» units
» upgrades
| Armor | 2 | |
| Ranged Weapons | 3 | |
| Envenomed Spears | 1 | |
| Reinforced Defenses | 1 | |
| Spiked Barricades | 1 | |
8 total
» buildings
| Altar of Storms | 1 | |
| Orc Burrow | 5 | |
| Voodoo Lounge | 1 | |
| Barracks | 2 | |
| War Mill | 1 | |
| Stronghold | 1 | |
| Watch Tower | 8 | |
| Beastiary | 4 | |
| Fortress | 1 | |
24 total
» build order
00:06 Altar of Storms
00:09 Orc Burrow
00:30 Voodoo Lounge
01:22 Barracks
01:27 War Mill
02:52 Stronghold
02:55 Watch Tower
03:15 Barracks
03:25 Orc Burrow
05:22 Beastiary
05:24 Beastiary
05:26 Beastiary
05:28 Beastiary
05:31 Fortress
05:49 Orc Burrow
09:17 Orc Burrow
12:13 Orc Burrow
15:51 Watch Tower
16:06 Watch Tower
16:17 Watch Tower
16:25 Watch Tower
16:39 Watch Tower
16:46 Watch Tower
16:51 Watch Tower
» items
| Healing Salve | 1 | |
| Lesser Clarity Potion | 2 | |
| Scroll of Speed | 1 | |
| Boots of Speed | 1 | |
| Orb of Lightning | 2 | |
7 total

»
madmoneymark (
red | 27 APM | 808 actions | 29:33)
4 Death Knight
2 Death Coil
2 Unholy Aura
» actions
| Basic commands | 39 | |
| Build / train | 90 | |
| ESC pressed | 1 | |
| Enter build submenu | 31 | |
| Enter hero's abilities submenu | 4 | |
| Remove unit from queue | 2 | |
| Right click | 202 | |
| Select / deselect | 390 | |
| Use ability | 49 | |
808 total
» units
| Acolyte | 10 | |
| Ghoul | 6 | |
| Crypt Fiend | 16 | |
| Obsidian Statue | 8 | |
| Abomination | 4 | |
| Necromancer | 6 | |
50 total
» upgrades
| Creature Attack | 3 | |
| Web | 1 | |
| Creature Carapace | 2 | |
| Destroyer Form | 1 | |
| Backpack | 1 | |
| Unholy Armor | 2 | |
| Unholy Strength | 3 | |
| Disease Cloud | 1 | |
| Necromancer Training | 2 | |
| Skeletal Longevity | 1 | |
| Skeletal Mastery | 1 | |
18 total
» buildings
| Ziggurat | 8 | |
| Altar of Darkness | 1 | |
| Crypt | 1 | |
| Graveyard | 1 | |
| Nerubian Tower | 1 | |
| Tomb of Relics | 1 | |
| Spirit Tower | 6 | |
| Necropolis | 2 | |
| Halls of the Dead | 1 | |
| Slaughterhouse | 2 | |
| Black Citadel | 1 | |
| Temple of the Damned | 3 | |
28 total
» build order
00:24 Ziggurat
00:26 Altar of Darkness
00:51 Crypt
01:04 Ziggurat
01:27 Graveyard
02:12 Nerubian Tower
02:24 Tomb of Relics
03:10 Spirit Tower
03:44 Ziggurat
05:42 Ziggurat
06:55 Necropolis
07:04 Halls of the Dead
07:06 Spirit Tower
07:08 Spirit Tower
10:29 Slaughterhouse
10:34 Slaughterhouse
10:40 Ziggurat
10:44 Ziggurat
11:49 Spirit Tower
13:00 Black Citadel
18:49 Temple of the Damned
18:51 Temple of the Damned
18:54 Temple of the Damned
19:42 Ziggurat
19:46 Ziggurat
21:08 Spirit Tower
21:41 Spirit Tower
28:28 Necropolis
» items
| Rod of Necromancy | 1 | |
| Dust of Appearance | 1 | |
| Scroll of Protection | 1 | |
| Scroll of Town Portal | 2 | |
| Potion of Healing | 2 | |
7 total
starinmyheart1 (
pink | 28 APM | 837 actions | 29:33)
2 Demon Hunter
1 Immolation
1 Evasion
2 Priestess of the Moon
1 Trueshot Aura
1 Searing Arrows
2 Keeper of the Grove
1 Entangling Roots
1 Force of Nature
» actions
| Build / train | 69 | |
| Enter build submenu | 18 | |
| Enter hero's abilities submenu | 6 | |
| Remove unit from queue | 9 | |
| Right click | 480 | |
| Select / deselect | 226 | |
| Use ability | 29 | |
837 total
» units
| Wisp | 15 | |
| Archer | 7 | |
| Huntress | 7 | |
| Goblin Shredder | 1 | |
| Hippogryph | 5 | |
| Chimaera | 7 | |
42 total
» upgrades
» buildings
| Ancient of War | 1 | |
| Moon Well | 6 | |
| Altar of Elders | 1 | |
| Tree of Ages | 2 | |
| Hunter's Hall | 1 | |
| Tree of Eternity | 2 | |
| Ancient of Wind | 1 | |
| Chimaera Roost | 3 | |
| Tree of Life | 1 | |
18 total
» build order
00:35 Ancient of War
00:46 Moon Well
01:48 Altar of Elders
02:24 Moon Well
03:32 Moon Well
03:46 Tree of Ages
04:19 Moon Well
04:38 Hunter's Hall
06:13 Tree of Eternity
07:42 Ancient of Wind
08:34 Moon Well
09:09 Moon Well
09:59 Chimaera Roost
10:03 Chimaera Roost
10:23 Tree of Life
11:19 Chimaera Roost
Chat log
(06:53 / Allies) Warcrack-Grinch: you prevent an expo or something
(09:45 / Allies) QWAM: taek item
(09:51 / Allies) starinmyheart1: ty
(12:27 / Allies) QWAM: fight
(12:50 / Allies) QWAM: b
(14:13 / Allies) QWAM: b pink...brt
(14:15 / Allies) madmoneymark: main then tp
(15:37 / All) directtoDVD: gg
(15:41 / Allies) Warcrack-Grinch: it's not over
(15:43 / All) QWAM: not quite
(15:44 / Allies) madmoneymark: not over keep massing
(16:01 / Allies) QWAM: gold me pink
(17:30 / All) imhumanraceonly: ur out teal
(17:31 / All) Warcrack-Grinch: turn off the gay porn yo ufaggot
(17:32 / All) imhumanraceonly: im sorrry
(17:48 / Allies) Warcrack-Grinch: look
(17:57 / Allies) Warcrack-Grinch: he
(17:59 / Allies) Warcrack-Grinch: he's good
(18:47 / All) Freshterry: drop hack nice
(18:56 / All) Warcrack-Grinch: yeah 1 person dropped it's a hack lol
(19:02 / All) Warcrack-Grinch: because it's needed
(19:18 / All) Freshterry: lkol fucking noob
(19:27 / All) Warcrack-Grinch: you're def not a noob
(19:37 / All) Warcrack-Grinch: pro strat of putting burrows out outside of base
(19:37 / All) imhumanraceonly: im beyond wasted
(19:52 / All) Warcrack-Grinch: unupgraded
(20:12 / All) QWAM: gg
(22:52 / All) Freshterry: hack nerds
(22:56 / All) Warcrack-Grinch: lol
(22:57 / All) QWAM: noob
(23:03 / All) Freshterry: lol yellow garbage
(23:14 / All) QWAM: you suck bro
(23:20 / All) Freshterry: you suck more
(23:30 / All) QWAM: ...
(25:01 / Specific player) Warcrack-Grinch: stay
(25:04 / All) Freshterry: where's your gay griff army purp
(25:15 / Specific player) Warcrack-Grinch: stay
(25:26 / All) Freshterry: why
(25:30 / Specific player) Warcrack-Grinch: ssh
(27:36 / Allies) madmoneymark: wtf purp
(27:57 / Allies) madmoneymark: fucking nigger faggot
(28:12 / Allies) madmoneymark: purp decides to tk this late